Map: [ESL] Royal Blood

Players

Oliveira - Winner!

  • Race: Terran Terran

HeroMarine

  • Race: Terran Terran

Event: IEM Katowice 2023

VOD

Have the link to the VOD?

Description

Time

  • Played on: Feb. 11, 2023, 11:57 a.m.
  • Length: 9:29

All games in this series

Show
View Real Time Build Order
Export as new Build Order

Oliveira Terran - Winner!

Build Orders:  

Get SALT Encoding   

  12  0:00  SCV  
  13  0:12  SCV  
  14  0:17  Supply Depot  
  14  0:24  SCV  
  15  0:38  SCV  
  15  0:40  Barracks  
  16  0:44  Refinery  
  16  0:50  SCV  
  16  0:54  Refinery  
  17  1:03  SCV  
  18  1:15  SCV  
  19  1:27  Orbital Command, Supply Depot, Reaper  
  20  1:42  Factory  
  20  1:53  SCV  
  21  1:59  Reaper  
  22  2:05  SCV  
  23  2:15  Command Center  
  23  2:18  SCV  
  24  2:26  Hellion  
  26  2:30  SCV  
  26  2:32  Barracks Tech Lab  
  26  2:36  Supply Depot  
  27  2:42  SCV  
  28  2:44  Starport  
  28  2:54  SCV  
  29  3:00  Cyclone  
  29  3:03  Barracks Tech Lab  
  32  3:06  SCV  
  33  3:15  Refinery  
  33  3:18  SCV  
  34  3:31  Orbital Command  
  34  3:32  SCV  
  34  3:33  Cyclone  
  36  3:44  SCV, Raven  
  39  3:51  Barracks Reactor  
  39  3:57  SCV x2  
  39  3:59  Command Center  
  41  4:06  Siege Tank  
  41  4:09  SCV  
  45  4:13  SCV  
  46  4:21  SCV, Supply Depot  
  49  4:24  Raven  
  49  4:25  SCV  
  49  4:27  Marine  
  49  4:28  Marine  
  52  4:33  SCV  
  52  4:37  SCV  
  54  4:43  Siege Tank  
  54  4:44  Supply Depot  
  57  4:45  Marine x2, SCV  
  57  4:49  SCV  
  61  4:57  Refinery  
  61  4:58  SCV  
  62  5:06  SCV  
  63  5:10  Viking x2  
  63  5:12  Orbital Command, Marine  
  63  5:13  Stimpack, SCV  
  69  5:18  SCV  
  70  5:23  Supply Depot  
  70  5:25  Siege Tank, SCV  
  74  5:30  Marine, SCV  
  74  5:32  Supply Depot  
  74  5:33  Orbital Command  
  76  5:40  SCV  
  76  5:41  Viking x2  
  81  5:44  SCV  
  81  5:48  Marine  
  83  5:54  Supply Depot  
  83  5:55  SCV  
  87  5:57  Siege Tank  
  87  5:59  SCV  
  87  6:00  SCV  
  89  6:06  Marine  
  89  6:07  SCV  
  90  6:15  Viking x2  
  90  6:16  SCV  
  90  6:17  SCV  
  96  6:24  Marine  
  95  6:29  Siege Tank  
  87  6:33  SCV  
  87  6:36  Barracks, SCV  
  87  6:37  Barracks  
  86  6:40  SCV  
  86  6:41  Engineering Bay  
  86  6:43  Engineering Bay  
  86  6:44  Marine  
  86  6:45  SCV  
  86  6:46  Viking x2  
  90  6:48  SCV  
  90  6:52  SCV, Supply Depot  
  90  6:54  Combat Shield  
  92  6:57  SCV  
  92  7:01  Widow Mine, Barracks, SCV  
  96  7:02  Barracks  
  96  7:03  Marine  
  97  7:09  SCV  
  98  7:17  SCV x2  
  98  7:21  Viking x2  
  103  7:26  Barracks Reactor x2  
  103  7:27  SCV  
  99  7:42  Siege Tank, SCV  
  96  7:48  SCV x2  
  95  7:53  Refinery x2  
  95  7:54  Supply Depot  
  95  7:59  Viking x2  
  95  8:02  Marine, Barracks Reactor x2  
  95  8:03  Marine, Command Center  
  95  8:04  SCV  
  102  8:07  Marine  
  102  8:09  Armory  
  102  8:10  SCV  
  102  8:12  SCV  
  100  8:15  Marine  
  100  8:16  SCV  
  100  8:19  Siege Tank  
  103  8:22  Marine, SCV  
  103  8:23  Marine x2  
  103  8:25  SCV  
  105  8:29  Marine  
  105  8:31  Viking x2  
  105  8:33  Marine  
  105  8:37  Sensor Tower  
  105  8:39  Marine x5  
  105  8:41  Marine  
  110  8:42  SCV  
  110  8:47  Marine  
  114  8:49  SCV  
  114  8:50  SCV  
  114  8:51  Marine  
  114  8:53  Siege Tank, Supply Depot  
  119  8:56  Marine  
  119  8:57  Marine x2  
  119  8:59  Marine x2  
  119  9:00  Factory  
  119  9:01  Marine  
  125  9:06  Barracks Reactor  
  125  9:13  Missile Turret  
  125  9:16  Missile Turret  
  132  9:20  Missile Turret  
Show
View Real Time Build Order
Export as new Build Order

HeroMarine Terran 

Build Orders:  

Get SALT Encoding   

  12  0:00  SCV  
  13  0:12  SCV  
  14  0:17  Supply Depot  
  14  0:24  SCV  
  15  0:38  SCV  
  15  0:40  Barracks  
  16  0:43  Refinery  
  16  0:50  SCV  
  16  0:53  Refinery  
  17  1:02  SCV  
  18  1:14  SCV  
  19  1:26  Orbital Command  
  19  1:27  Reaper  
  19  1:31  Supply Depot  
  20  1:40  Factory  
  20  1:52  SCV  
  21  1:59  Reaper  
  22  2:04  SCV  
  23  2:16  SCV  
  23  2:18  Command Center  
  24  2:24  Hellion  
  24  2:28  SCV  
  27  2:31  Reaper  
  27  2:34  Supply Depot  
  28  2:44  SCV  
  28  2:45  Hellion  
  31  2:54  Starport  
  31  2:56  SCV  
  32  3:03  Barracks Reactor  
  32  3:06  Factory Tech Lab  
  32  3:08  SCV  
  33  3:19  Refinery  
  33  3:20  SCV  
  33  3:26  Cyclone  
  37  3:32  SCV  
  38  3:34  Orbital Command  
  38  3:36  Starport Tech Lab  
  38  3:40  Marine x2  
  40  3:45  SCV  
  41  3:55  Raven  
  43  3:57  SCV  
  43  3:59  Siege Tank  
  43  4:00  Marine  
  48  4:03  SCV, Supply Depot  
  48  4:05  Marine  
  48  4:09  SCV  
  51  4:15  SCV  
  50  4:18  Marine  
  50  4:21  SCV  
  50  4:23  Marine  
  53  4:27  SCV  
  53  4:28  Supply Depot  
  54  4:31  Raven  
  54  4:33  SCV  
  54  4:34  Siege Tank  
  60  4:39  SCV  
  62  4:49  SCV  
  62  4:50  Supply Depot  
  62  4:51  SCV  
  63  4:55  Command Center  
  63  5:01  SCV  
  63  5:03  SCV  
  63  5:04  Marine x2  
  67  5:07  Raven  
  67  5:11  Siege Tank  
  67  5:13  SCV  
  73  5:15  Refinery  
  73  5:16  SCV  
  74  5:26  SCV  
  74  5:28  SCV  
  78  5:38  SCV, Supply Depot  
  78  5:40  SCV  
  78  5:50  Stimpack  
  78  5:55  Barracks  
  78  5:56  Marine  
  78  5:57  SCV  
  78  5:58  Barracks  
  78  5:59  Siege Tank, SCV, Viking x2  
  86  6:09  SCV  
  87  6:12  SCV  
  87  6:14  Marine  
  89  6:21  Engineering Bay, SCV  
  89  6:22  Engineering Bay  
  89  6:24  SCV  
  88  6:29  Viking x2  
  76  6:33  SCV  
  76  6:36  SCV  
  76  6:39  Orbital Command  
  75  6:45  SCV, Barracks Reactor x2  
  73  6:48  SCV  
  73  6:50  Siege Tank, Barracks  
  76  6:55  Barracks  
  76  6:57  Marine  
  76  6:59  Viking x2  
  81  7:05  SCV  
  81  7:06  SCV  
  81  7:08  Orbital Command  
  84  7:15  Marine  
  84  7:22  Siege Tank  
  86  7:24  SCV x2  
  86  7:29  Viking x2  
  92  7:35  Marine  
  92  7:36  SCV x2  
  92  7:42  Marine x3  
  80  7:44  Barracks Reactor  
  80  7:45  Barracks Reactor  
  80  7:47  Marine  
  77  7:53  Marine  
  77  7:56  Siege Tank  
  80  7:59  Viking x2  
  80  8:00  Marine x2  
  80  8:02  Marine  
  80  8:05  Marine, Orbital Command  
  80  8:10  Marine  
  74  8:14  Engineering Bay  
  74  8:18  Marine x2  
  76  8:20  Marine  
  76  8:22  Marine  
  74  8:28  Marine, Siege Tank  
  74  8:30  Marine x3  
  74  8:32  Marine, Medivac x2  
  84  8:34  Orbital Command  
  84  8:36  Marine x2  
  84  8:38  Marine  
  84  8:40  Marine  
  88  8:46  Marine  
  88  8:47  Marine  
  88  8:48  Marine x2  
  88  8:50  Marine  
  88  8:53  Marine  
  88  8:54  Marine  
  89  8:56  Marine  
  89  9:00  Marine  
  95  9:06  Marine  
  95  9:08  Marine  
  95  9:09  Marine  
  101  9:11  Marine  

Tags
 
Add a new tag
Caveats
  • Supply blocks, unpowered buildings, or Contaminate may cause inaccurate times.
  • Supply counts are checked every 10 seconds.